 Dungeon Crawl Stone Soup version 0.17-a0-1635-gd4e48f1 (webtiles) character file.

254 karlkraus the Shield-Bearer (level 5, -3/47 HPs)
             Began as a Minotaur Fighter on Aug 4, 2015.
             Was a Follower of Qazlal.
             Slain by Pikel
             ... wielding a +1 whip of electrocution
              (17 damage)
             ... on level 4 of the Dungeon.
             The game lasted 00:05:28 (2072 turns).

karlkraus the Shield-Bearer (Minotaur Fighter)      Turns: 2072, Time: 00:05:28

Health: -3/47      AC:  7    Str: 21      XL:     5   Next: 90%
Magic:  4/4        EV:  8    Int:  3 (5)  God:    Qazlal [*.....]
Gold:   142        SH: 12    Dex: 10      Spells: 0 memorised, 4 levels left

rFire  . . .     SeeInvis .     a - +0 flail
rCold  . . .     Clarity  .     b - +0 scale mail
rNeg   . . .     SustAt   .     c - +0 shield
rPois  .         Gourm    .     (helmet restricted)
rElec  .         Spirit   .     (no cloak)
rCorr  .         Warding  .     (no gloves)
rMut   .         Stasis   .     (no boots)
MR     .....                    (no amulet)
Stlth  ..........               (no ring)
                                (no ring)

@: not resistant to hostile enchantments, extremely unstealthy
A: retaliatory headbutt, horns 2
a: Renounce Religion


You were on level 4 of the Dungeon.
You worshipped Qazlal.
Qazlal was aware of your devotion.
You were not hungry.

You visited 1 branch of the dungeon, and saw 4 of its levels.

You collected 142 gold pieces.

Inventory:

Hand weapons
 a - a +0 flail (weapon)
Armour
 b - a +0 scale mail (worn)
 c - a +0 shield (worn)
Scrolls
 g - 3 scrolls of immolation {unknown}
 h - a scroll of enchant weapon {unknown}
 j - 3 scrolls of random uselessness {unknown}
 l - a scroll of amnesia {unknown}
 m - 3 scrolls of remove curse {unknown}
 o - a scroll of teleportation {unknown}
 r - a scroll of noise {unknown}
 s - a scroll of identify {unknown}
Potions
 d - 2 potions of might
 i - a potion of degeneration
 k - 2 potions of curing
 p - a potion of haste {unknown}
Comestibles
 e - 4 bread rations
 f - 3 beef jerkies
 n - 2 meat rations
 q - a royal jelly
 t - a chunk of flesh


   Skills:
 + Level 4.8 Fighting
 + Level 3.7 Maces & Flails
 + Level 5.0 Armour
 + Level 1.9 Dodging
 + Level 5.1 Shields


You had 4 spell levels left.
You didn't know any spells.

Dungeon Overview and Level Annotations

Branches:
Dungeon (4/15)
 Temple: D:4-7

Altars:
Okawaru
Qazlal
Ru
Trog
Xom
Yredelemnul

Annotations:
D:4 Dowan, Duvessa, Pikel


Innate Abilities, Weirdness & Mutations

You reflexively headbutt those who attack you in melee.
You have a pair of horns on your head.


Message History

Pikel hits you with a whip of electrocution.
You hit Pikel but do no damage.
Pikel is lightly wounded.
You hear a shout!
The slave hits you. You block Pikel's attack.
Dowan, Brother of Duvessa comes into view.
He is wielding a dagger.
You closely miss Pikel.
Pikel is lightly wounded.
You block the slave's attack.
Pikel hits you with a whip of electrocution.
You closely miss Pikel. Your headbutt misses Pikel.
Pikel is lightly wounded.
You block the slave's attack. You block Pikel's attack.
Dowan hits you but does no damage. The slave hits you but does no damage.
You hit Pikel.
Pikel is moderately wounded.
Pikel hits you with a whip of electrocution.
* * * LOW HITPOINT WARNING * * *
You are electrocuted!
You die...

###..##..##
####'###..#
#..........#
#..........#
+..§.......+
#.###+###+##
##.##..###
+.§e.....+
##@p.....#
#K##...##
#p# ...#


ppe ..# ... .# ##.## .. #.# ..# You could see Pikel, Duvessa, 4 slaves and
Dowan.

Vanquished Creatures
  2 orc priests (D:3)
  An orc wizard (D:3)
  Jessica (D:2)
  Robin (D:3)
  4 adders
  A gnoll (D:4)
  2 oozes
  3 orcs (D:3)
  4 giant cockroaches
  10 hobgoblins
  2 jackals (D:1)
  2 quokkas
  2 ball pythons (D:2)
  3 bats (D:3)
  3 giant geckos
  2 giant newts
  17 goblins
  10 kobolds
  11 rats
81 creatures vanquished.

Notes
Turn   | Place    | Note
--------------------------------------------------------------
     0 | D:1      | karlkraus the Minotaur Fighter began the quest for the Orb.
     0 | D:1      | Reached XP level 1. HP: 19/19 MP: 0/0
   132 | D:1      | Reached XP level 2. HP: 24/27 MP: 1/1
   264 | D:1      | Reached skill level 4 in Armour
   599 | D:2      | Reached XP level 3. HP: 23/33 MP: 2/2
   631 | D:2      | Found a stormy altar of Qazlal.
   641 | D:2      | Became a worshipper of Qazlal Stormbringer
   810 | D:2      | Noticed Jessica
   823 | D:2      | Killed Jessica
   823 | D:2      | Reached XP level 4. HP: 38/41 MP: 3/3
   866 | D:2      | Found a sacrificial altar of Ru.
   868 | D:2      | Found a basalt altar of Yredelemnul.
   952 | D:2      | Found a shimmering altar of Xom.
  1248 | D:3      | Reached skill level 1 in Dodging
  1248 | D:3      | Reached XP level 5. HP: 22/47 MP: 4/4
  1267 | D:3      | Noticed Robin
  1270 | D:3      | Acquired Qazlal's first power
  1286 | D:3      | Killed Robin
  1385 | D:3      | Reached skill level 5 in Shields
  2006 | D:4      | Found an iron altar of Okawaru.
  2007 | D:4      | Found a bloodstained altar of Trog.
  2013 | D:4      | Reached skill level 5 in Armour
  2053 | D:4      | Noticed a slave
  2056 | D:4      | Noticed Pikel
  2056 | D:4      | Noticed a slave
  2058 | D:4      | Noticed a slave
  2059 | D:4      | Noticed a slave
  2060 | D:4      | Noticed Duvessa
  2070 | D:4      | Noticed Dowan
  2072 | D:4      | Slain by Pikel

Vault maps used:
D:1:      lemuel_arrival_funnel
D:2:      nicolae_overflow_crystal_walls, minitemple, first_bread,
          grunt_qazlal_sundering, uniq_jessica
D:3:      kennysheep_generic_room_2, uniq_robin
D:4:      grunt_temple_overflow_bloody_war, old_standard_altar, serial_shops,
          shop, uniq_pikel, uniq_duvessa

Action                   |  1- 3 |  4- 6 || total
-------------------------+-------+-------++-------
Melee: Flail             |    69 |   146 ||   215
  Use: Potion            |       |     3 ||     3
  Eat: Chunk             |       |     4 ||     4
